[Event "*** Titled Tuesday Blitz"]
[Site "Chess.com"]
[Date "2021.03.09"]
[Round "11"]
[White "eljanov"]
[Black "Szparu"]
[Result "1-0"]
[WhiteElo "2844"]
[BlackElo "2652"]
[TimeControl "180+1"]
[EndTime "12:09:59 PST"]
[Termination "eljanov won on time"]

1. e4 c5 2. Nf3 Nc6 3. Bb5 g6 4. Bxc6 dxc6 5. d3 Bg7 6. h3 Nf6 7. Nc3 Nd7 8. a4 a5 9. Be3 e5 10. Nd2 b6 11. Nc4 Nf8 12. Qd2 Ba6 13. b3 Ne6 14. Bh6 Bf6 15. O-O g5 16. Ne3 Rg8 17. Ng4 Rg6 18. Ne2 Bh8 19. Ng3 Qc7 20. Nf5 O-O-O 21. Qe3 Kb8 22. Rad1 Nf4 23. Kh2 Rd7 24. g3 Ne6 25. f3 Rg8 26. h4 f6 27. hxg5 fxg5 28. Rh1 Rg6 29. Kg2 Bf6 30. Nxf6 Rxf6 31. Bxg5 Rg6 32. Bh6 Rf7 33. g4 Bc8 34. Rh5 Kb7 35.
Rdh1 Nd4 36. Nxd4 exd4 37. Qe2 Be6 38. Bd2 Qd7 39. g5 Rfg7 40. Kf1 Rf7 41. Ke1 b5 42. R5h4 Rg8 43. f4 Re7 44. Qh2 Rgg7 45. Kd1 Bg8 46. f5 Re8 47. f6 Rg6 48. Rxh7 Bxh7 49. Qxh7 1-0

[Event "*** Titled Tuesday Blitz"]
[Site "Chess.com"]
[Date "2021.03.09"]
[Round "11"]
[White "arctic_t00"]
[Black "QuintilianoR"]
[Result "0-1"]
[WhiteElo "2534"]
[BlackElo "2683"]
[TimeControl "180+1"]
[EndTime "12:10:00 PST"]
[Termination "QuintilianoR won by checkmate"]

1. d4 Nf6 2. Nf3 e6 3. e3 d5 4. Bd3 c5 5. b3 Nc6 6. O-O Bd6 7. Bb2 O-O 8. Nbd2 Qe7 9. dxc5 Bxc5 10. a3 Rd8 11. Qe2 e5 12. b4 Bd6 13. b5 Na5 14. e4 d4 15. Nh4 g6 16. c3 dxc3 17.
Bxc3 b6 18. Kh1 Bb7 19. f4 Rac8 20. fxe5 Bxe5 21. Bxe5 Qxe5 22. Ndf3 Qh5 23. e5 Re8 24. Qf2 Ng4 25. Qg3 Nxe5 26. Be2 Nxf3 27. Bxf3 Bxf3 28. Nxf3 Rc4 29. Ng5 Qg4 30. Qf2 f5 31. Nf3 Rce4 32. Qa2+ Kg7 33. Qb2+ Kg8 34. Rad1 Nc4 35.
Qf6 R4e6 36. Qc3 Re2 37. Kg1 Qxg2# 0-1

[Event "*** Titled Tuesday Blitz"]
[Site "Chess.com"]
[Date "2021.03.09"]
[Round "11"]
[White "politeplayer"]
[Black "FMOlexandrProhorov"]
[Result "1-0"]
[WhiteElo "2275"]
[BlackElo "2128"]
[TimeControl "180+1"]
[EndTime "12:10:00 PST"]
[Termination "politeplayer won by checkmate"]

1. e4 c5 2. d4 cxd4 3. c3 Nc6 4.
cxd4 d5 5. exd5 Qxd5 6. Nf3 Nf6 7. Nc3 Qa5 8. d5 Nb8 9. Bb5+ Bd7 10. Bc4 g6 11.
O-O Bg7 12. Re1 Qc7 13. Nb5 Bxb5 14. Bxb5+ Kf8 15. d6 Qxd6 16. Bf4 Qb6 17. Qe2 Nd5 18. Be5 Nc6 19. Bxg7+ Kxg7 20. Rad1 e6 21. Bxc6 Qxc6 22. Qe5+ Kg8 23. Ng5 Qc7 24. Rxd5 Qxe5 25. Rdxe5 f6 26. Rxe6 fxg5 27. Re8+ Rxe8 28. Rxe8+ Kg7 29. Re7+ Kf6 30. Rxb7 Rc8 31. g3 Rc2 32. Rxh7 Rxb2 33. Rxa7 g4 34. Kg2 Kg5 35. a4 Ra2 36. a5 Ra3 37. a6 Ra1 38. Ra8 Ra2 39. a7 Ra3 40. h4+ gxh3+ 41. Kxh3 Ra4 42.
f4+ Kh5 43. Rh8# 1-0

[Event "*** Titled Tuesday Blitz"]
[Site "Chess.com"]
[Date "2021.03.09"]
[Round "11"]
[White "Klavdia_Nik"]
[Black "AntonovaNadezhda"]
[Result "0-1"]
[WhiteElo "2020"]
[BlackElo "2137"]
[TimeControl "180+1"]
[EndTime "12:10:00 PST"]
[Termination "AntonovaNadezhda won on time"]

1. Nf3 Nf6 2. c4 g6 3. b3 Bg7 4.
Bb2 O-O 5. g3 d6 6. d4 b6 7. Bg2 Bb7 8. d5 c5 9. O-O a6 10. Nbd2 b5 11. e4 Nbd7 12. Re1 Qc7 13. Qc2 b4 14. h3 a5 15. a4 bxa3 16. Rxa3 Ne8 17. Bxg7 Nxg7 18. Qc3 Ra7 19. g4 f6 20. Rea1 Rfa8 21. g5 Ne5 22. gxf6 exf6 23. Ne1 Nh5 24.
Qe3 g5 25. Bf1 Nf4 26. Ng2 Neg6 27. Nb1 Bc8 28. Kh2 Nxh3 29. Nc3 Bd7 30. Nb5 Bxb5 31. Qxh3 Bd7 32. Qe3 Bc8 0-1

[Event "*** Titled Tuesday Blitz"]
[Site "Chess.com"]
[Date "2021.03.09"]
[Round "11"]
[White "Abund"]
[Black "szachuspl"]
[Result "1-0"]
[WhiteElo "2650"]
[BlackElo "2516"]
[TimeControl "180+1"]
[EndTime "12:10:01 PST"]
[Termination "Abund won by resignation"]

1. e4 c5 2. Nf3 e6 3. g3 Nc6 4.
Bg2 d5 5. exd5 exd5 6. O-O Nf6 7. d4 cxd4 8. Nxd4 Be7 9. b3 O-O 10. Bb2 Bg4 11. Qd2 Rc8 12. h3 Bh5 13. Nf5 Bc5 14.
Qg5 Bg6 15. Nd2 Bxf5 16. Qxf5 Nd4 17. Qd3 Nxc2 18. Rac1 Nb4 19. Qb1 Be7 20. a3 Rxc1 21. Rxc1 Nc6 22. b4 Qd6 23. Rd1 Re8 24. Nc4 Qc7 25.
Ne3 d4 26. Nf5 Bf8 27. b5 Ne5 28. Bxd4 g6 29. Ne3 Bg7 30. Rc1 Qd7 31. Bxa7 Nd3 32. Rd1 Rd8 33. Bf1 Ne4 34. Rxd3 Qe7 35. Rxd8+ Qxd8 36. Qxe4 Bf6 37. Bc5 Kg7 38. Bc4 1-0

[Event "*** Titled Tuesday Blitz"]
[Site "Chess.com"]
[Date "2021.03.09"]
[Round "11"]
[White "mariofs"]
[Black "OlifantCZ"]
[Result "0-1"]
[WhiteElo "2199"]
[BlackElo "2294"]
[TimeControl "180+1"]
[EndTime "12:10:02 PST"]
[Termination "OlifantCZ won by resignation"]

1. d4 Nf6 2. Nf3 g6 3. Bf4 Bg7 4. e3 O-O 5. Be2 c5 6. c3 b6 7. O-O Bb7 8. h3 d6 9. Nbd2 Qc7 10. Bh2 Nbd7 11. a4 a6 12. Qb1 Bc6 13. Rc1 Qb7 14. b4 Ne4 15. Bf1 Ndf6 16. Qb2 Rfc8 17. b5 axb5 18. axb5 Nxd2 19. Nxd2 Be4 20. Ra6 cxd4 21. cxd4 Rxc1 22. Qxc1 Rc8 23. Qa1 Rc2 24. Ra7 Qd5 25. Nxe4 Qxe4 26. Ra8+ Bf8 27. Bf4 Kg7 28. f3 Qd5 29. Bd3 Rc1+ 30. Qxc1 Qxa8 31. e4 Qa4 32. Bh6+ Kg8 33. Qc8 Qxd4+ 34. Kh2 Nd7 35. Qxd7 Bxh6 36. Qc8+ Kg7 37. Qc4 Bf4+ 38. Kh1 Qf2 39. Qc3+ f6 40. Qc7 Qe1+ 0-1

[Event "*** Titled Tuesday Blitz"]
[Site "Chess.com"]
[Date "2021.03.09"]
[Round "11"]
[White "MrrRefrao"]
[Black "halldorgretar"]
[Result "0-1"]
[WhiteElo "2351"]
[BlackElo "2246"]
[TimeControl "180+1"]
[EndTime "12:10:02 PST"]
[Termination "halldorgretar won on time"]

1. e4 c5 2. Nf3 Nc6 3. d4 cxd4 4.
Nxd4 Nf6 5. Nc3 e5 6. Ndb5 d6 7.
Nd5 Nxd5 8. exd5 Nb8 9. c4 a6 10. Nc3 g6 11. Bd3 Bg7 12. Kf1 O-O 13. h4 f5 14. g3 e4 15. Be2 Nd7 16. Kg2 Ne5 17. Be3 Bd7 18. c5 dxc5 19. Bxc5 Rf7 20. Be3 Rc8 21.
Rc1 b5 22. d6 Rc6 23. Qd5 Qf6 24. Rhd1 Be6 25. Qd4 Rd7 26. Bf4 Bf7 27. Nd5 Qxd6 28. Rxc6 Qxc6 29. Bxe5 Rxd5 30. Bxg7 Rxd4 31. Bxd4 Qc2 32.
Re1 Bxa2 33. Be3 Qxb2 34. Bf1 Bc4 35. Rd1 Bxf1+ 36. Kxf1 a5 37. Rd7 a4 38. Bd4 Qc1+ 39.
Kg2 Qd1 40. Rg7+ Kf8 41. Be5 Qf3+ 42. Kg1 e3 0-1

[Event "*** Titled Tuesday Blitz"]
[Site "Chess.com"]
[Date "2021.03.09"]
[Round "11"]
[White "Kale36"]
[Black "Gerasimenyuk_Miha"]
[Result "1-0"]
[WhiteElo "2321"]
[BlackElo "2420"]
[TimeControl "180+1"]
[EndTime "12:10:04 PST"]
[Termination "Kale36 won by resignation"]

1. d4 d6 2. Nc3 Nf6 3. Bg5 g6 4. e4 c6 5. f4 Qa5 6. Qd2 Bg7 7. e5 Nd5 8. Nxd5 Qxd2+ 9. Kxd2 cxd5 10. exd6 e6 11. Nf3 Nc6 12. Bb5 h6 13. Bxc6+ bxc6 14. Be7 Ba6 15. g4 Kd7 16. Ne5+ Bxe5 17. fxe5 h5 18. h3 Rab8 19. b3 c5 20. dxc5 Rhc8 21. gxh5 gxh5 22. Rhg1 Rxc5 23. c3 d4 24. cxd4 Rd5 25.
Ke3 Rc8 26. Rac1 f5 27. Rxc8 Bxc8 28. Rc1 Ba6 29. Rc7+ Ke8 30. Bf6 f4+ 31. Kxf4 Rxd4+ 32. Kg5 Bb5 33. Rxa7 Rd3 34. h4 Rg3+ 35. Kxh5 Be2+ 36.
Kh6 Bb5 37. Bg5 Rg4 38. a4 Bd7 39. Ra8+ Kf7 40. a5 Re4 41. Bf6 Rg4 42. Bg5 Re4 43. Ra7 Ke8 44. Bf6 Rb4 45. a6 Rxb3 46. Rb7 Ra3 47. a7 Bc8 48. Rb8 Ra4 49. Rxc8+ Kf7 50. a8=Q Rxh4+ 51. Kg5 Rh5+ 52. Kg4 Rh8 53. Rxh8 1-0

[Event "*** Titled Tuesday Blitz"]
[Site "Chess.com"]
[Date "2021.03.09"]
[Round "11"]
[White "chesslh19"]
[Black "jordanasoul"]
[Result "1-0"]
[WhiteElo "2244"]
[BlackElo "2162"]
[TimeControl "180+1"]
[EndTime "12:10:04 PST"]
[Termination "chesslh19 won by checkmate"]

1. e4 c5 2. Nf3 Nc6 3. d4 cxd4 4.
Nxd4 e5 5. Nb5 d6 6. N1c3 a6 7. Na3 b5 8. Nd5 Nge7 9. Bg5 h6 10. Qh5 Rb8 11. c3 b4 12. Nc4 bxc3 13. bxc3 hxg5 14. Qxh8 Nxd5 15. exd5 Ne7 16. Bd3 Nxd5 17. h4 Nf4 18. Bf1 g4 19. h5 Be6 20. g3 Nd5 21.
Be2 Nxc3 22. Ne3 Nxe2 23. Kxe2 Rb2+ 24. Kf1 d5 25. Kg2 d4 26. Nd1 Bd5+ 27. Kh2 Rd2 28. Re1 Qf6 29. Rf1 Bc4 30. Ne3 Bxf1 31. Rxf1 Rxf2+ 32.
Rxf2 Qxf2+ 33. Ng2 d3 34. h6 gxh6 35. Qxe5+ Be7 36.
Qb8+ Bd8 37. Qe5+ Kf8 38. Qd6+ Be7 39. Qxd3 h5 40. Qh7 Qc5 41. Qh8# 1-0

[Event "*** Titled Tuesday Blitz"]
[Site "Chess.com"]
[Date "2021.03.09"]
[Round "11"]
[White "PavelChernomordik"]
[Black "Anton_Demchenko"]
[Result "0-1"]
[WhiteElo "2422"]
[BlackElo "2842"]
[TimeControl "180+1"]
[EndTime "12:10:05 PST"]
[Termination "Anton_Demchenko won by resignation"]

1. e4 e5 2. Nf3 Nc6 3. Bc4 Nf6 4. Ng5 d5 5. exd5 Na5 6. Bb5+ c6 7. dxc6 bxc6 8.
Bd3 Nd5 9. Nf3 Bd6 10. O-O O-O 11. Re1 f5 12. Bf1 e4 13. Nd4 Qf6 14. c3 Bd7 15. d3 Rae8 16. Qa4 Nb7 17. Qxa7 Nc5 18. b4 Ra8 19.
Qxa8 Rxa8 20. bxc5 Bxc5 21. Bb2 Bxd4 22. cxd4 Rb8 23.
dxe4 fxe4 24. Re2 Bg4 25. Rc2 Rxb2 26. Rxb2 Qxd4 27. Rb8+ Kf7 28. Nc3 Qxc3 29. Rab1 e3 30. R8b2 Bf5 31. Rb7+ Kg6 32. R1b2 Qc1 33. R7b3 Kh6 34. g3 Bc2 35. Rb7 Bd3 36. Rb1 Bxb1 37. Kg2 Be4+ 0-1

[Event "*** Titled Tuesday Blitz"]
[Site "Chess.com"]
[Date "2021.03.09"]
[Round "11"]
[White "korkmaz16"]
[Black "Witik"]
[Result "1-0"]
[WhiteElo "2458"]
[BlackElo "2596"]
[TimeControl "180+1"]
[EndTime "12:10:05 PST"]
[Termination "korkmaz16 won by resignation"]

1. e4 c6 2. Nc3 d6 3. d4 h6 4.
Nf3 g5 5. h3 Bg7 6. Bc4 Nd7 7.
Qe2 e6 8. Bd2 Ne7 9. O-O-O b5 10. Bb3 a5 11. a4 Ba6 12. axb5 cxb5 13. Nxb5 O-O 14. Bc4 d5 15. Bd3 dxe4 16. Qxe4 Nf6 17. Qe2 Ned5 18. h4 g4 19. Ne5 h5 20. f3 Qb6 21.
fxg4 Rfc8 22. g5 Ng4 23. Nxg4 hxg4 24. h5 Nb4 25. Bxb4 axb4 26. Kd2 Bxb5 27. Bxb5 Qxd4+ 28. Ke1 Qxb2 29. Bd3 b3 30. cxb3 Qc3+ 31. Kf1 Ra5 32. h6 Bd4 33. g6 fxg6 34. Qxe6+ Kh7 35. Qxg6+ 1-0

[Event "*** Titled Tuesday Blitz"]
[Site "Chess.com"]
[Date "2021.03.09"]
[Round "11"]
[White "Trickster_Pony"]
[Black "night_player"]
[Result "0-1"]
[WhiteElo "1484"]
[BlackElo "2163"]
[TimeControl "180+1"]
[EndTime "12:10:05 PST"]
[Termination "night_player won on time"]

1. c4 e5 2. g3 Nf6 3. Bg2 Bc5 4. Nc3 c6 5. e3 O-O 6. Nge2 Bb6 7. O-O d5 8. cxd5 cxd5 9. d4 exd4 10. Nxd4 Nc6 11. Nxc6 bxc6 12. Qa4 Bb7 13. Rd1 Qe7 14. b3 Rfd8 15. Ba3 Qe5 16. Rac1 h6 17. Ne2 Ne4 18. Nd4 Rac8 19. Bc5 Nxc5 20. Rxc5 Bxc5 21. b4 Bb6 22. b5 c5 23. Nc6 Bxc6 24. bxc6 d4 25.
exd4 Rxd4 26. Rxd4 Qxd4 27. Qa6 Rc7 28. h4 c4 29. Qa3 Qxf2+ 30. Kh2 Qe3 31. Qd6 Qe7 32. Qd1 c3 33. Qc2 Qe5 34. Qd1 Kh7 35.
Qc2+ g6 36. h5 Qd4 37. hxg6+ fxg6 38. Qb3 Qd2 39. Qe6 c2 0-1

[Event "*** Titled Tuesday Blitz"]
[Site "Chess.com"]
[Date "2021.03.09"]
[Round "11"]
[White "Eltaj_Safarli"]
[Black "Sibelephant"]
[Result "0-1"]
[WhiteElo "2924"]
[BlackElo "3116"]
[TimeControl "180+1"]
[EndTime "12:10:06 PST"]
[Termination "Sibelephant won on time"]

1. e4 c5 2. Nc3 Nc6 3. Bb5 Nd4 4.
Nf3 e6 5. O-O a6 6. Bd3 Nc6 7.
e5 d5 8. exd6 Bxd6 9. Re1 Nf6 10. Ne4 Be7 11. Nxf6+ Bxf6 12. Be4 Bd7 13. c3 O-O 14. d4 cxd4 15. cxd4 Rc8 16. a3 Re8 17. Qd3 g6 18. Be3 Na5 19. a4 Bc6 20. Bh6 Bd5 21. Ne5 Nc6 22. Nxc6 Bxc6 23. Bxc6 Rxc6 24. d5 Rd6 25.
Qb3 Rxd5 26. Qxb7 Qb8 27. Qxa6 Rh5 28. Be3 Qxh2+ 29. Kf1 Qh1+ 30. Ke2 Qxg2 31. Qc4 Rh4 32. Rg1 Rxc4 33. Rxg2 Rc2+ 34. Kf3 Rxb2 35. Ra3 Be7 36.
Ra1 Ra8 37. a5 Ra6 0-1

[Event "*** Titled Tuesday Blitz"]
[Site "Chess.com"]
[Date "2021.03.09"]
[Round "11"]
[White "Olga_Girya"]
[Black "queen_iryna"]
[Result "1-0"]
[WhiteElo "2457"]
[BlackElo "2340"]
[TimeControl "180+1"]
[EndTime "12:10:06 PST"]
[Termination "Olga_Girya won by resignation"]

1. d4 d6 2. e4 Nf6 3. Nc3 e5 4. dxe5 dxe5 5. Qxd8+ Kxd8 6. Bc4 Ke8 7. Nf3 Bd6 8. Be3 a6 9. O-O-O b5 10. Bb3 Bb7 11.
Ng5 Rf8 12. f3 Nbd7 13. Nd5 h6 14. Nxf6+ Nxf6 15. Nh3 Ke7 16. Nf2 Rfd8 17. Nd3 Nd7 18. Rhe1 a5 19. a3 c5 20. Bd5 Bxd5 21. exd5 c4 22. Nf2 b4 23. a4 Bc5 24. Bxc5+ Nxc5 25. Rxe5+ Kd6 26. f4 Nxa4 27. Ne4+ Kd7 28. b3 cxb3 29.
cxb3 Rdc8+ 30. Kd2 Nc3 31. Re1 Nxe4+ 32. R1xe4 Re8 33. Rxe8 Rxe8 34. Rxe8 Kxe8 35. Kd3 Kd7 36. Kd4 Kd6 37. Kc4 g6 38. g3 f6 39. Kd4 g5 40. h4 gxh4 41. gxh4 h5 42. Kc4 f5 43. Kd4 Kd7 44. Kc5 a4 45. Kxb4 axb3 46. Kxb3 Kd6 47.
Kc4 1-0

[Event "*** Titled Tuesday Blitz"]
[Site "Chess.com"]
[Date "2021.03.09"]
[Round "11"]
[White "Ajedrez_con_German"]
[Black "ikhasu"]
[Result "1-0"]
[WhiteElo "2534"]
[BlackElo "2387"]
[TimeControl "180+1"]
[EndTime "12:10:08 PST"]
[Termination "Ajedrez_con_German won by resignation"]

1. b3 e5 2. Bb2 Nc6 3. e3 Nf6 4.
Bb5 Bd6 5. Na3 Na5 6. Be2 Qe7 7. Nb5 O-O 8. Nxd6 Qxd6 9. d3 Qe7 10. Nf3 Nc6 11. O-O d5 12. c4 dxc4 13. bxc4 Bg4 14. h3 Bh5 15. d4 exd4 16. Nxd4 Nxd4 17. Bxd4 Bxe2 18. Qxe2 Ne4 19. Rfd1 c5 20. Bb2 Rad8 21.
Rd5 Rxd5 22. cxd5 Rd8 23. Rd1 b5 24. Qxb5 Qg5 25. Qd3 Nd6 26. e4 c4 27. Qd4 Re8 28. e5 Nf5 29. Qg4 Qxg4 30. hxg4 Ne7 31. d6 Nc6 32. f4 Rb8 33. Ba3 Nd8 34. Rc1 Rc8 35.
f5 g6 36. Bb4 h5 37. Ba5 Nb7 38. Bc7 hxg4 39. fxg6 Kg7 40. Rb1 Nc5 41. gxf7 Kxf7 42. Rc1 Ke6 43. Rxc4 Nd7 44. Rxg4 Nxe5 45. Re4 Rg8 46.
Rxe5+ Kxe5 47. d7+ Ke6 48. d8=Q Re8 49. Qxe8+ 1-0

[Event "*** Titled Tuesday Blitz"]
[Site "Chess.com"]
[Date "2021.03.09"]
[Round "11"]
[White "bogcsab"]
[Black "Barbus89"]
[Result "1-0"]
[WhiteElo "2162"]
[BlackElo "2197"]
[TimeControl "180+1"]
[EndTime "12:10:08 PST"]
[Termination "bogcsab won by checkmate"]

1. d4 Nf6 2. c4 g6 3. Nc3 d5 4. f3 Bg7 5. e4 dxe4 6. fxe4 O-O 7. Nf3 c5 8. d5 Nfd7 9. Be3 Qa5 10. Qd2 Ne5 11. Rc1 Nxf3+ 12. gxf3 Nd7 13. b3 Ne5 14. Be2 Bh3 15. Kf2 Bf6 16. Kg3 Bd7 17. Bh6 Qc7 18.
f4 g5 19. Kf2 Ng4+ 20. Bxg4 Bxg4 21. Bxf8 Rxf8 22. e5 Bg7 23. Rhg1 Qd7 24. h3 Bxh3 25. Rxg5 f6 26. exf6 exf6 27. Rg3 Bf5 28. Rcg1 Bg6 29.
Ne2 Re8 30. Re3 Be4 31. Ng3 Bg6 32. Rxe8+ Bxe8 33. Qe3 f5 34. Nxf5 Bg6 35. Ne7+ Kf7 36. Nxg6 Bd4 37. Ne5+ Bxe5 38. Qxe5 Qh3 39. Rg7+ Kf8 40.
Qe7# 1-0

[Event "*** Titled Tuesday Blitz"]
[Site "Chess.com"]
[Date "2021.03.09"]
[Round "11"]
[White "hansen"]
[Black "goldihouse"]
[Result "0-1"]
[WhiteElo "2866"]
[BlackElo "2625"]
[TimeControl "180+1"]
[EndTime "12:10:09 PST"]
[Termination "goldihouse won on time"]

1. e4 e6 2. d4 d5 3. Nc3 Nf6 4.
Bg5 dxe4 5. Nxe4 Be7 6. Bxf6 gxf6 7. Nf3 f5 8. Nc3 a6 9. g3 b5 10. Bg2 Bb7 11. O-O O-O 12. Ne5 Bxg2 13. Kxg2 Bf6 14. Qf3 Ra7 15. Rad1 Qe7 16. Ne2 c5 17. c3 cxd4 18.
cxd4 Rc7 19. Nf4 Nd7 20. Rfe1 Nxe5 21. dxe5 Bg7 22. Nh5 Kh8 23. h4 Rfc8 24. Qe3 Rc2 25. Rd6 Qb7+ 26. Kh3 h6 27. Red1 Qe4 28. Qxe4 fxe4 29.
Nxg7 Kxg7 30. R1d2 Rxd2 31. Rxd2 Rc5 32. Re2 Rxe5 33.
f4 Rd5 34. Rxe4 Rd2 35. Rb4 h5 36. a4 bxa4 37. Rxa4 Rxb2 38. Rxa6 Kg6 39. Ra5 f6 40. Rc5 Re2 41. f5+ exf5 42. Rc8 f4 43. gxf4 Kf5 44. Rc5+ Kxf4 45. Rxh5 Re3+ 46. Kg2 Kg4 47.
Rh8 Re2+ 48. Kf1 Rh2 49. Rg8+ Kf3 50. Rg6 Rh1+ 51. Rg1 Rxh4 52. Ke1 Re4+ 53. Kd2 f5 0-1

[Event "*** Titled Tuesday Blitz"]
[Site "Chess.com"]
[Date "2021.03.09"]
[Round "11"]
[White "DinaBelenkaya"]
[Black "guillembaches"]
[Result "1-0"]
[WhiteElo "2361"]
[BlackElo "2445"]
[TimeControl "180+1"]
[EndTime "12:10:09 PST"]
[Termination "DinaBelenkaya won on time"]

1. e4 c5 2. Nc3 Nc6 3. g3 g6 4.
Bg2 Bg7 5. d3 e6 6. Be3 Nd4 7.
Nce2 e5 8. c3 Ne6 9. f4 Ne7 10.
Nf3 d6 11. Qd2 f5 12. fxe5 dxe5 13. O-O-O Qa5 14. Kb1 Bd7 15. Ng5 h6 16. Nxe6 Bxe6 17. c4 Qxd2 18. Rxd2 Rd8 19. Bxc5 Bxc4 20. Rhd1 Be6 21.
exf5 gxf5 22. Bxb7 Kf7 23. d4 e4 24. Nf4 Rb8 25.
Ba6 Nd5 26. Rc1 Nxf4 27. gxf4 Bd5 28. Bc4 Rhd8 29. b4 a5 30. a3 axb4 31. axb4 Bf8 32.
Bxd5+ Rxd5 33. Rb2 Bg7 34. Rc4 Rb5 35. Kc2 Ke6 36.
Rb3 Rd7 37. Rg3 Kd5 38. Rcc3 Bxd4 39. Bxd4 Kxd4 40. Rc6 1-0

[Event "*** Titled Tuesday Blitz"]
[Site "Chess.com"]
[Date "2021.03.09"]
[Round "11"]
[White "annacramling"]
[Black "TimKett"]
[Result "0-1"]
[WhiteElo "2035"]
[BlackElo "2199"]
[TimeControl "180+1"]
[EndTime "12:10:09 PST"]
[Termination "TimKett won on time"]

1. d4 d5 2. c4 e6 3. Nc3 Nf6 4. Bg5 Be7 5. e3 h6 6. Bh4 O-O 7. Bd3 b6 8. cxd5 Nxd5 9. Bxe7 Qxe7 10. Nf3 Nxc3 11. bxc3 Bb7 12. O-O c5 13. e4 cxd4 14.
cxd4 Nc6 15. Rc1 Rac8 16. Re1 Rfd8 17. d5 Nb4 18. Rxc8 Rxc8 19. dxe6 Qxe6 20. Bb5 Bc6 21. Nd4 Qxa2 22. Nxc6 Nxc6 23. Qd7 Qe6 24. Qxe6 fxe6 25. Rc1 Ne7 26. Rxc8+ Nxc8 27. Bd7 Nd6 28. Bxe6+ Kf8 29.
Kf1 Ke7 30. Bd5 b5 31. Ke2 a5 32. Kd3 g5 33. g3 g4 34. Bc6 Ke6 35. Kd4 b4 36. Ba4 Nb7 37. Ke3 Ke5 38. f4+ gxf3 39. Kxf3 Nc5 40. Bc2 b3 41. Bb1 a4 42. Ke3 a3 43. h4 a2 0-1

[Event "*** Titled Tuesday Blitz"]
[Site "Chess.com"]
[Date "2021.03.09"]
[Round "11"]
[White "dusanacns"]
[Black "Kretov_Evgenij"]
[Result "1-0"]
[WhiteElo "2730"]
[BlackElo "2557"]
[TimeControl "180+1"]
[EndTime "12:10:10 PST"]
[Termination "dusanacns won by checkmate"]

1. g3 c5 2. Bg2 Nf6 3. d3 d5 4. Nf3 Nc6 5. O-O e5 6. Nbd2 Be7 7. e4 O-O 8. exd5 Nxd5 9. c3 Nc7 10. Nc4 f6 11. Re1 Rb8 12. d4 cxd4 13. cxd4 exd4 14. Bf4 b5 15. Ncd2 Rb6 16. Nb3 Nd5 17. Bd2 Bg4 18.
h3 Bh5 19. g4 Bf7 20. Nfxd4 Nxd4 21. Nxd4 Re8 22. Ba5 Bc5 23. Bxb6 Rxe1+ 24. Qxe1 Qxb6 25. Nb3 Bd6 26. Rd1 Nf4 27. Qe3 Qb8 28. Bc6 h5 29. Nd4 Bc5 30. b4 Bb6 31. Qf3 Qe5 32. Nf5 Ne2+ 33.
Kf1 Nc3 34. Rd7 Nb1 35. Re7 Qa1 36. Kg2 Nd2 37. Qd3 Qd1 38. Rxf7 Kxf7 39. Qd7+ Kf8 40. Qxg7# 1-0

[Event "*** Titled Tuesday Blitz"]
[Site "Chess.com"]
[Date "2021.03.09"]
[Round "11"]
[White "BanjoKazooieN64"]
[Black "hypert"]
[Result "1-0"]
[WhiteElo "2419"]
[BlackElo "2501"]
[TimeControl "180+1"]
[EndTime "12:10:10 PST"]
[Termination "BanjoKazooieN64 won by resignation"]

1. e4 c5 2. Nc3 Nc6 3. Nf3 e5 4. Bc4 Be7 5. d3 d6 6. O-O Nf6 7. Ng5 O-O 8. f4 Bg4 9. Nf3 exf4 10. Bxf4 Ne5 11. Bxe5 dxe5 12. h3 Bxf3 13. Qxf3 a6 14. a4 Kh8 15. Qf5 Bd6 16. Rf3 Qc8 17. Qg5 h6 18.
Qh4 Be7 19. Raf1 Nd5 20. Qh5 Nxc3 21. bxc3 f6 22. Rg3 Qe8 23. Rg6 Kh7 24. Be6 f5 25.
Bxf5 Rxf5 26. exf5 Bf6 27. Qg4 b5 28. axb5 axb5 29.
Rf3 Ra4 30. c4 Ra1+ 31. Kh2 b4 32. Rg3 Qf7 33. Qh5 Ra7 34. R3g4 Re7 35. Re4 Rd7 36.
h4 Qe7 37. Qg4 Rd4 38. Kh3 Rxe4 39. Qxe4 Qd7 40. g4 Qd8 41. g5 hxg5 42. hxg5 Bxg5 43. Qxe5 Bf6 44. Qxc5 Qa8 45. Qd5 Qa7 46. Qf3 Qe7 47. Rg4 Qe1 48. Re4 Qd2 49. Qh5+ Qh6 50. Qxh6+ Kxh6 51. Kg4 b3 52. cxb3 g6 53. fxg6 Kxg6 54. b4 Kh7 55. b5 Bd4 56. Rxd4 1-0

[Event "*** Titled Tuesday Blitz"]
[Site "Chess.com"]
[Date "2021.03.09"]
[Round "11"]
[White "Steegersee"]
[Black "Piotrek1979"]
[Result "0-1"]
[WhiteElo "2258"]
[BlackElo "2358"]
[TimeControl "180+1"]
[EndTime "12:10:10 PST"]
[Termination "Piotrek1979 won by checkmate"]

1. d4 Nf6 2. c4 g6 3. g3 Bg7 4. Bg2 O-O 5. Nc3 d6 6. Nf3 Nc6 7. O-O Bg4 8. d5 Na5 9. Qd3 c5 10. h3 Bd7 11. a3 Nb3 12. Rb1 Nxc1 13. Rfxc1 a6 14. b4 b6 15. e4 Qc7 16. Qe2 Rfc8 17. e5 Ne8 18. e6 fxe6 19. dxe6 Bc6 20. Nd5 Bxd5 21. cxd5 c4 22. Rc2 b5 23. Rd1 a5 24.
Nd4 axb4 25. axb4 Bxd4 26. Rxd4 Nf6 27. g4 Qb6 28. Rf4 Rf8 29. g5 Nh5 30. Re4 Rf5 31. h4 Raf8 32. Qe3 Qxe3 33. Rxe3 Rf4 34. Rh3 Rd4 35. Ra2 Nf4 36. Rf3 Rc8 37. Rc3 Rd1+ 38. Kh2 Nxg2 39. Kxg2 Rxd5 40. Ra7 Kf8 41. Rf3+ Rf5 42.
Rc3 d5 43. Rd7 Rc6 44. Rd8+ Kg7 45. Rb8 d4 46. Rb7 dxc3 47. Rxe7+ Kf8 48. Rxh7 c2 49. Rb7 Rxe6 50. h5 gxh5 51. g6 Rxg6+ 52. Kh3 c1=Q 53. f4 Qh1# 0-1

[Event "*** Titled Tuesday Blitz"]
[Site "Chess.com"]
[Date "2021.03.09"]
[Round "11"]
[White "esrosenberg"]
[Black "rachidhuilda"]
[Result "0-1"]
[WhiteElo "2124"]
[BlackElo "2275"]
[TimeControl "180+1"]
[EndTime "12:10:10 PST"]
[Termination "rachidhuilda won on time"]

1. Nf3 d5 2. c4 c6 3. d4 Nf6 4.
Nc3 e6 5. Bg5 h6 6. Bxf6 Qxf6 7.
Qb3 a5 8. e4 dxe4 9. Nxe4 Qf4 10.
Bd3 a4 11. Qc2 Bb4+ 12. Nc3 c5 13. O-O cxd4 14. Ne2 Qf6 15. Nexd4 O-O 16. a3 Bc5 17. Rad1 Nc6 18. Nxc6 bxc6 19. Be4 Ra6 20. Rd2 Bb7 21. Rd7 Rb6 22. Qxa4 Rxb2 23. Bxc6 Bxc6 24. Qxc6 Bxa3 25. Qe4 Bc5 26. Rd2 Rfb8 27. Rxb2 Rxb2 28. h3 g6 29. Qa8+ Kg7 30. Qc6 Qe7 31. Qe4 Qf6 32. Qc6 Qe7 33.
Qa4 Qf6 34. Qa1 Rb6 35. Qxf6+ Kxf6 36. g3 Rb3 37. Kg2 Rb2 38. g4 e5 39. Kg3 e4 40. Ne1 Ke5 41. f4+ Kd4 42. f5 g5 43.
f6 Bd6+ 0-1

[Event "*** Titled Tuesday Blitz"]
[Site "Chess.com"]
[Date "2021.03.09"]
[Round "11"]
[White "Tooweak2slow03"]
[Black "rasmussvane"]
[Result "1-0"]
[WhiteElo "2797"]
[BlackElo "2935"]
[TimeControl "180+1"]
[EndTime "12:10:12 PST"]
[Termination "Tooweak2slow03 won by checkmate"]

1. e4 c6 2. Nc3 d5 3. Nf3 dxe4 4. Nxe4 Nf6 5. Qe2 Nxe4 6. Qxe4 Qa5 7. Qf4 Nd7 8. Bc4 Nf6 9. O-O Qf5 10. d4 g6 11. Re1 Nd5 12. Qg3 Bg7 13. c3 Qd7 14.
Bd2 O-O 15. Re2 Bf6 16. Rae1 Qg4 17. Bxd5 cxd5 18. Qc7 Qd7 19. Qf4 Qf5 20. Qc7 Qd7 21.
Qc5 b6 22. Qb4 Ba6 23. Re3 Rfe8 24. Qb3 e6 25. Qc2 Bg7 26. h4 Re7 27. h5 Qc7 28.
Nh4 Rae8 29. Rg3 e5 30. h6 Bf6 31. Nf5 Re6 32. Qd1 exd4 33. Rxe6 Rxe6 34. cxd4 Re8 35. Qa4 Qc8 36. Nd6 b5 37. Qa3 Be7 38. Re3 Bxd6 39. Qxd6 Rxe3 40. Bxe3 Qf8 41. Qf6 Bc8 42. Bf4 Be6 43. Be5 Qxh6 44. Qh8# 1-0

[Event "*** Titled Tuesday Blitz"]
[Site "Chess.com"]
[Date "2021.03.09"]
[Round "11"]
[White "Nf3c5"]
[Black "Mikasinski"]
[Result "0-1"]
[WhiteElo "2619"]
[BlackElo "2494"]
[TimeControl "180+1"]
[EndTime "12:10:12 PST"]
[Termination "Mikasinski won by resignation"]

1. d4 Nf6 2. Bf4 g6 3. Nc3 d5 4. e3 Bg7 5. h4 h5 6. Nf3 O-O 7. Ne5 Be6 8. Be2 c5 9. Rg1 Nc6 10. Qd2 cxd4 11. exd4 Qb6 12. O-O-O Rac8 13. f3 Rfd8 14. Na4 Qb4 15. Nxc6 Qxd2+ 16. Rxd2 Rxc6 17. Nc5 Bc8 18. Bb5 Rb6 19. a4 Ne8 20. Re1 Kf8 21.
Bg5 Bf6 22. f4 Bxg5 23. hxg5 Nd6 24. Bd3 a5 25. Re5 Nf5 26. c3 e6 27. Bb5 Nd6 28. Bd3 Bd7 29. b3 Be8 30. Kc2 Rc6 31.
Rde2 b6 32. Nxe6+ fxe6 33. Rxe6 Ne4 34. Rxc6 Bxc6 35. c4 Re8 36. Re3 Nd6 37. Re5 dxc4 38. bxc4 Rxe5 39. fxe5 Nf5 40. Kc3 Bxg2 41. d5 h4 42.
Bxf5 gxf5 43. e6 h3 44. d6 h2 45. e7+ Ke8 46. g6 h1=Q 47. g7 Qa1+ 48. Kd2 Qxg7 49.
c5 Qd4+ 50. Ke2 Qxc5 0-1